Map: Frost LE

Players

Miszu

  • Race: Zerg Zerg
  • League: Master

Towelie - Winner!

  • Race: Zerg Zerg
  • League: Master

VOD

Have the link to the VOD?

Description

Time

  • Played on: June 20, 2016, 9:34 a.m.
  • Length: 4:58
Show
View Real Time Build Order
Export as new Build Order

Miszu Zerg 

Build Orders: Hatch First 

Get SALT Encoding   

  12  0:00  Drone  
  13  0:13  Overlord  
  13  0:18  Drone  
  14  0:31  Drone x2  
  16  0:36  Drone  
  17  0:52  Hatchery  
  17  0:55  Drone  
  17  0:59  Drone  
  18  1:04  Extractor  
  17  1:13  Spawning Pool  
  17  1:16  Drone  
  17  1:20  Drone  
  18  1:28  Drone  
  19  1:45  Drone  
  20  1:52  Overlord  
  20  2:01  Queen  
  20  2:04  Queen  
  20  2:05  Zergling x4  
  20  2:07  Metabolic Boost  
  26  2:11  Drone  
  26  2:15  Drone  
  28  2:22  Drone  
  29  2:28  Drone  
  30  2:32  Drone  
  31  2:38  Baneling Nest, Drone  
  31  2:45  Drone  
  32  3:00  Hatchery  
  31  3:06  Zergling x8  
  31  3:10  Zergling x2  
  35  3:22  Overlord x2  
  35  3:34  Baneling  
  35  3:35  Baneling x2  
  35  3:45  Zergling x14  
  42  3:49  Pneumatized Carapace  
  38  4:11  Zergling x12  
  43  4:17  Zergling x6  
  43  4:20  Queen  
  48  4:28  Zergling x14  
  55  4:36  Zergling x4  
Show
View Real Time Build Order
Export as new Build Order

Towelie Zerg - Winner!

Build Orders: Hatch First 

Get SALT Encoding   

  12  0:03  Drone  
  13  0:13  Overlord  
  13  0:18  Drone  
  14  0:25  Extractor, Drone  
  15  0:32  Drone  
  16  0:39  Drone  
  17  0:54  Hatchery  
  16  0:58  Drone  
  17  1:12  Spawning Pool  
  17  1:16  Extractor  
  17  1:17  Drone  
  16  1:21  Drone  
  17  1:25  Drone  
  17  1:30  Drone  
  19  1:42  Overlord  
  19  1:51  Drone  
  20  2:01  Queen  
  20  2:02  Drone  
  20  2:07  Queen  
  20  2:08  Zergling x2  
  26  2:13  Drone  
  27  2:18  Drone  
  27  2:21  Metabolic Boost  
  28  2:25  Drone  
  29  2:37  Drone x2  
  30  2:38  Baneling Nest  
  30  2:41  Zergling x2  
  30  2:57  Hatchery  
  29  3:01  Drone x2  
  29  3:04  Drone  
  32  3:06  Drone  
  33  3:14  Overlord  
  33  3:18  Zergling x2  
  33  3:19  Zergling x2  
  35  3:24  Zergling x2  
  36  3:34  Zergling x10  
  37  3:40  Zergling x2  
  41  3:43  Zergling x2  
  41  3:49  Zergling x4  
  43  3:55  Overlord  
  43  4:07  Zergling x6  
  43  4:08  Zergling x2  
  43  4:17  Zergling x6  
  41  4:23  Zergling x2  
  43  4:24  Zergling x2  
  43  4:30  Zergling x14  
  51  4:40  Baneling x2  
Tags
 
Add a new tag
Caveats
  • Supply blocks, unpowered buildings, or Contaminate may cause inaccurate times.
  • Supply counts are checked every 10 seconds.